AoeStats
← Marty

Scandinavia

510534812Analyzed
1v1 RM · 2d ago on Oct 1, 2026· 53m 18s· 2 players
Game mode
Random Map
Map size
Tiny (2 player)
Population
200
Speed
Normal
Resources
Standard
Victory
Conquest
Starting age
Dark Age
Ending age
Imperial Age
RankedLock teamsTeams togetherTeam positionsShared explorationLock speedFull tech treeHidden civsTurbo modeCheats
Victory
Defeat
🇵🇹 Sicilians · Portugal
563
+17
🇬🇧 Goths · United Kingdom
592
-17
pedrollobo
0:33 Loom
14:31 Feudal Age
15:02 Double-Bit Axe
18:03 Wheelbarrow
17:16 Town Watch
20:00 Fishing Lines
30:00 Castle Age
30:41 Gold Mining
33:37 Gillnets
35:17 Stone Mining
37:27 Horse Collar
39:28 Hand Cart
42:22 Imperial Age
40:07 Squires
41:39 Heavy Plow
41:53 Bow Saw
41:59 Forging
45:45 Conscription
46:28 Capped Ram
50:22 First Crusade
Marty
0:38 Loom
11:02 Feudal Age
11:43 Double-Bit Axe
11:54 Man-at-Arms
16:25 Horse Collar
17:58 Fishing Lines
22:52 Castle Age
23:00 Long Swordsman
23:41 Stone Mining
27:49 Fletching
28:02 Padded Archer Armor
28:48 Squires
37:18 Bodkin Arrow
36:57 Elite Skirmisher
38:09 Crossbowman
41:20 Gillnets
43:57 Scale Mail Armor
47:03 Pikeman
Connection lost

Rejoining the realm…

Still unreachable

The connection could not be restored.

Session expired

The server has moved on; the page needs a fresh start.